 Dungeon Crawl Stone Soup version 0.27.1-4-g1640c2035a (webtiles) character file.

Game seed: 4897544089071325077

93 zeram the Covered (level 4, -2/36 (39) HPs)
             Began as a Minotaur Fighter on Nov 11, 2021.
             Was an Initiate of Qazlal.
             Splashed by a jelly's acid (4 damage)
             ... on level 4 of the Dungeon.
             The game lasted 00:03:08 (2183 turns).

zeram the Covered (Minotaur Fighter)                Turns: 2183, Time: 00:03:09

HP:   -2/36 (39)    AC:  1    Str: 22    XL:     4   Next: 36%
MP:   3/3           EV:  7    Int:  5    God:    Qazlal [......]
Gold: 100           SH:  9    Dex:  9    Spells: 3/3 levels left

rFire    + + .     SeeInvis .   a - +1 war axe
rCold    + + .     Faith    .   c - +0 kite shield
rNeg     . . .     Spirit   .   b - +0 scale mail
rPois    +         Reflect  .   (helmet unavailable)
rElec    +         Harm     .   k - scarf {rC+ rF+}
rCorr    +         Rampage  .   (no gloves)
Will     .....                  (no boots)
Stlth    ..........             (no amulet)
HPRegen  0.12/turn              (no ring)
MPRegen  0.08/turn              (no ring)

@: brilliant, resistant, corroded, hasted, drained, very quick
A: horns 3, retaliatory headbutt, iridescent scales 1
a: Renounce Religion


You were on level 4 of the Dungeon.
You worshipped Qazlal.
Qazlal was noncommittal.
You visited 1 branch of the dungeon, and saw 4 of its levels.

You collected 100 gold pieces.

Inventory:

Hand Weapons
 a - a +1 war axe (weapon)
Armour
 b - a +0 scale mail (worn)
 c - a +0 kite shield (worn)
 k - a scarf of resistance (worn)
Scrolls
 e - a scroll of enchant weapon
 j - 3 scrolls of teleportation
Potions
 d - a potion of might
 f - 3 potions of brilliance


   Skills:
 - Level 3.6 Fighting
 + Level 3.9 Axes
 + Level 4.7 Armour
 + Level 4.5 Shields


You had 3 spell levels left.
You didn't know any spells.
Your spell library contained the following spells:

 Spells                   Type           Power      Damage    Failure   Level
 Sting                    Tmut/Pois      0%         1d3       99%         1
 Poisonous Vapours        Pois/Air       0%         N/A       100%        2
 Ozocubu's Armour         Ice            0%         N/A       100%        3
 Olgreb's Toxic Radiance  Pois           0%         N/A       100%        4
 Ozocubu's Refrigeration  Ice            0%         4d5       100%        7


Dungeon Overview and Level Annotations

Branches:
Dungeon (4/15)
 Temple: D:4-7

Altars:
Fedhas
Qazlal
Uskayaw


Innate Abilities, Weirdness & Mutations

You have a pair of large horns on your head.
You reflexively headbutt those who attack you in melee.
You are partially covered in iridescent scales. (AC +2)


Message History

You are too injured to fight recklessly!
You are too injured to fight recklessly!
You are too injured to fight recklessly!
You are too injured to fight recklessly!
You are too injured to fight recklessly!
You are too injured to fight recklessly!
You are too injured to fight recklessly!
You are too injured to fight recklessly!
You are too injured to fight recklessly!
You are too injured to fight recklessly!
You are too injured to fight recklessly!
You are too injured to fight recklessly!
You are too injured to fight recklessly!
You are too injured to fight recklessly!
You are too injured to fight recklessly!
You completely miss the jelly.
The jelly is moderately wounded.
The jelly hits you. The acid corrodes you!
You are splashed with acid!
* * * LOW HITPOINT WARNING * * *
There is a stone staircase leading up here.
There is a stone staircase leading up here.
It was a potion of brilliance.
You feel clever all of a sudden. You block the jelly's attack.
It was a potion of resistance.
You feel protected. The jelly hits you.
* * * LOW HITPOINT WARNING * * *
You are splashed with acid.
You resist.
* * * LOW HITPOINT WARNING * * *
It was a potion of mutation.
You feel extremely strange. The horns on your head grow some more.
Iridescent scales grow over part of your body.
You block the jelly's attack.
It was a potion of magic.
Magic courses through your body. You block the jelly's attack.
It was a potion of haste.
You feel yourself speed up. The jelly hits you.
* * * LOW HITPOINT WARNING * * *
You are splashed with acid.
You resist.
You die...

.........##
.........?#
#...# # #...##.#
#.##......#
#.#.<.#####
####..)...####.
.......J.......#
###....@#.######
+.....#.#
#....##.# #....
.. ##### #. ...


You could see a jelly.

Vanquished Creatures
  4 adders
  A worm (D:2)
  An orc (D:3)
  4 endoplasms
  3 giant cockroaches
  7 goblins
  5 hobgoblins
  3 jackals (D:3)
  5 kobolds
  5 ball pythons
  5 bats
  A frilled lizard (D:1)
  3 rats
47 creatures vanquished.

Vanquished Creatures (others)
  5 demonic plants (D:1)
  8 fungi (D:1)
  3 plants (D:1)
  5 toadstools (D:1)
  A withered plant (D:1)
22 creatures vanquished.

Grand Total: 69 creatures vanquished

Notes
Turn   | Place    | Note
-------+----------+-------------------------------------------
     0 | D:1      | zeram the Minotaur Fighter began the quest for the Orb.
     0 | D:1      | Reached XP level 1. HP: 19/19 MP: 0/0
   367 | D:1      | Reached XP level 2. HP: 14/26 MP: 1/1
   575 | D:1      | Found a faded altar of an unknown god.
   994 | D:2      | Reached XP level 3. HP: 31/31 MP: 2/2
  1534 | D:3      | Reached XP level 4. HP: 22/39 MP: 3/3
  1664 | D:3      | Found a stormy altar of Qazlal.
  1883 | D:3      | Found a hide-covered altar of Uskayaw.
  1884 | D:3      | Found a blossoming altar of Fedhas.
  2107 | D:3      | Became a worshipper of Qazlal Stormbringer
  2181 | D:4      | Gained mutation: You have a pair of large horns on your
                  | head. [potion of mutation]
  2181 | D:4      | Gained mutation: You are partially covered in iridescent
                  | scales. (AC +2) [potion of mutation]
  2183 | D:4      | Splashed by a jelly's acid

Illustrated notes

Levels and vault maps discovered:
D:1:      ldierk_walled_garden, layout_loops_ring, shapermc_ecumenical_altar_gd
D:2:      layout_loops_ring
D:3:      layout_rooms, amethyst_overflow_temple_binary,
          mainiacjoe_overflow_paths
D:4:      layout_basic, amcnicky_altar_gilded, glass_columns_a

Skill      XL: |  1  2 |
---------------+-------+-----
Armour         | 4 |  4.7
Shields        | 4 |  4.5
Axes           | 3 |  3.9
Fighting       | |  3.6

Action                   |  1- 3 |  4- 6 || total
-------------------------+-------+-------++-------
Melee: War axe           |    66 |    42 ||   108
       Headbutt          |     5 |     5 ||    10
  Use: Scroll            |       |     5 ||     5
       Potion            |       |     5 ||     5
Armor: Scale mail        |    37 |    33 ||    70
Dodge: Dodged            |    19 |    15 ||    34
Block: Kite shield       |    30 |    23 ||    53
